 Dungeon Crawl Stone Soup version 0.29.0-4-gdea44cf6ec (webtiles) character file.

Game seed: 10278135385163944857

74 qw the Chopper (level 4, 0/26 HPs)
             Began as a Tengu Warper on Aug 28, 2022.
             Slain by an iguana (5 damage)
             ... on level 3 of the Dungeon.
             The game lasted 00:00:13 (2655 turns).

qw the Chopper (Tengu Warper)                       Turns: 2655, Time: 00:00:14

Health: 0/26       AC:  3    Str: 14    XL:     4   Next: 30%
Magic:  8/8        EV: 11    Int: 13    God:
Gold:   153        SH:  4    Dex: 13    Spells: 7/7 levels left

rFire   . . .      SeeInvis .   Y - +1 hand axe
rCold   . . .      Faith    .   a - +0 buckler
rNeg    . . .      Spirit   .   b - +0 leather armour
rPois   .          Reflect  .   (helmet restricted)
rElec   .          Harm     .   (no cloak)
rCorr   .          Rampage  .   (no gloves)
Will    .....                   (boots unavailable)
Stlth   +.........              (no amulet)
HPRegen 0.08/turn               (no ring)
MPRegen 0.11/turn               (no ring)

@: about to teleport
A: beak, talons 3
a: no special abilities


You were on level 3 of the Dungeon.
You visited 1 branch of the dungeon, and saw 3 of its levels.

You collected 153 gold pieces.


Innate Abilities, Weirdness & Mutations

You have a beak for a mouth.
You have claws for feet.


   Skills:
 - Level 2.0 Fighting
 + Level 4.6 Axes
 - Level 1.0 Throwing
 - Level 1.1 Armour
 - Level 2.1 Dodging
 - Level 1.0 Shields
 - Level 2.0 Spellcasting
 - Level 2.4 Translocations


You had 7 spell levels left.
You didn't know any spells.
Your spell library contained the following spells:

 Spells                   Type           Power      Damage    Failure   Level
 Blink                    Tloc           14%        N/A       24%         2
 Gell's Gravitas          Tloc           7%         N/A       43%         3
 Lesser Beckoning         Tloc           7%         N/A       43%         3
 Teleport Other           Tloc           7%         N/A       43%         3
 Manifold Assault         Tloc           7%         N/A       99%         5

Inventory:

Hand Weapons
 c - a +0 whip
 Y - a +1 hand axe (weapon)
Missiles
 k - 4 boomerangs (quivered)
Armour
 a - a +0 buckler (worn)
 b - a +0 leather armour (worn)
 f - a +0 scale mail
Potions
 d - 2 potions of flight {unknown}
 e - a potion of attraction {unknown}
 g - a potion of mutation {unknown}
 h - a potion of heal wounds {unknown}
 i - a potion of brilliance {unknown}
 j - 2 potions of curing

Dungeon Overview and Level Annotations

Branches:
Dungeon (3/15)

Altars:
Makhleb

Shops:
D:1 *


Message History

You start resting.
HP restored.
Things that are here:
a +0 whip; an orc corpse You see here a rat skeleton.
Found a scroll of teleportation.
Enter note: You hit the quokka.
Your kick misses the quokka.
The quokka is severely wounded.
The quokka bites you.
You hit the quokka.
You kill the quokka!
You start resting.
HP restored.
k - 4 boomerangs
l - a scroll of teleportation An iguana comes into view.
The iguana hisses angrily.
You see here a scroll of teleportation.
Throw: 4 boomerangs
Press: ? - help, Q - select action Shift-Dir - straight line, f - iguana You throw a boomerang.
The boomerang barely misses the iguana.
Throw: 4 boomerangs
Press: ? - help, Q - select action Shift-Dir - straight line, f/p - iguana You throw a boomerang.
The boomerang closely misses the iguana.
Throw: 4 boomerangs
Press: ? - help, Q - select action Shift-Dir - straight line, f/p - iguana You throw a boomerang.
The boomerang barely misses the iguana.
You barely miss the iguana. You claw the iguana, but do no damage.
The iguana bites you!
Ouch! That really hurt!
You hit the iguana. You claw the iguana.
The iguana is moderately wounded.
The iguana bites you!
2655 ||| READING scroll of teleportation.
As you read the scroll of teleportation, it crumbles to dust.
You feel strangely unstable. The iguana bites you.
You die...

...# ..# ..# #.######
########.. ...####
......#..##.#.....
####..............
......l@.........#
.......###..#.!...######
...............#...#....
...$..#.##.#....#.......
.?....#....#....#.......
########.%.#..#..#.#....
###.......#.#....
######...#....>#<#....
...............#).....


You could see an iguana.

Vanquished Creatures
  An adder (D:3)
  A worm (D:2)
  A dart slug (D:3)
  4 orcs
  3 endoplasms
  3 giant cockroaches
  3 goblins
  3 hobgoblins
  8 jackals
  3 quokkas
  7 ball pythons
  4 bats
  2 frilled lizards
  4 kobolds
  6 rats
53 creatures vanquished.

Notes
Turn   | Place    | Note
-------+----------+-------------------------------------------
     0 | D:1      | qw the Tengu Warper began the quest for the Orb.
     0 | D:1      | Reached XP level 1. HP: 12/12 MP: 4/4
     0 | D:1      | 0 ||| qw: Version: 0.1-a-89-g26bdef1
     0 | D:1      | 0 ||| qw: Game counter: 1430
     0 | D:1      | 0 ||| qw: Always use a shield: true
     0 | D:1      | 0 ||| qw: God list: Okawaru
     0 | D:1      | 0 ||| qw: Allow faded altars: false
     0 | D:1      | 0 ||| qw: Do Orc after D:15 true
     0 | D:1      | 0 ||| qw: Do second Lair branch before Depths: true
     0 | D:1      | 0 ||| qw: Lair rune preference: random
     0 | D:1      | 0 ||| qw: Plans: Normal
     0 | D:1      | 0 ||| PLANNING D:1-11
   158 | D:1      | Found Abruts's Assorted Antiques.
   255 | D:1      | Reached XP level 2. HP: 17/17 MP: 6/6
   288 | D:1      | Reached skill level 3 in Axes
   537 | D:1      | 537 ||| SHOPLISTING amethyst potion (27 gold, have 19).
   537 | D:1      | 537 ||| SHOPLISTING runed leather armour (155 gold, have
                  | 19).
   537 | D:1      | 537 ||| SHOPLISTING scroll labelled BYDOSA DONANT (31 gold,
                  | have 19).
   537 | D:1      | 537 ||| SHOPLISTING scroll labelled HUATSECVIE (31 gold,
                  | have 19).
   537 | D:1      | 537 ||| SHOPLISTING scroll labelled TENASCH OTZOIP (31
                  | gold, have 19).
   537 | D:1      | 537 ||| SHOPLISTING shiny ring mail (217 gold, have 19).
   537 | D:1      | 537 ||| SHOPLISTING warped robe (176 gold, have 19).
   710 | D:1      | Reached XP level 3. HP: 10/21 MP: 7/7
   948 | D:1      | 948 ||| READING scroll labelled CUSAFY ERICYDGH.
   949 | D:1      | 949 ||| READING scroll labelled BYDOSA DONANT.
   950 | D:1      | 950 ||| READING scroll labelled PEALEI TUIBAGAALID.
   951 | D:1      | 951 ||| DRINKING 2 clear potions.
   952 | D:1      | 952 ||| DROPPING scroll of blinking.
  1164 | D:2      | 1164 ||| Stepping ~*~*~tactically~*~*~ (stealth).
  1213 | D:2      | Reached skill level 4 in Axes
  1258 | D:2      | 1258 ||| DROPPING +0 club.
  1271 | D:2      | 1271 ||| Stepping ~*~*~tactically~*~*~ (stealth).
  1279 | D:2      | 1279 ||| Stepping ~*~*~tactically~*~*~ (stealth).
  1982 | D:2      | 1982 ||| UPGRADING to +0 buckler.
  1987 | D:2      | 1987 ||| READING scroll labelled HUATSECVIE.
  2003 | D:3      | 2003 ||| Stepping ~*~*~tactically~*~*~ (hiding).
  2008 | D:3      | 2008 ||| STAIRDANCE
  2114 | D:3      | 2114 ||| STAIRDANCE
  2154 | D:3      | 2154 ||| STAIRDANCE
  2233 | D:3      | 2233 ||| Stepping ~*~*~tactically~*~*~ (stealth).
  2233 | D:3      | Found a burning altar of Makhleb.
  2236 | D:3      | 2236 ||| Stepping ~*~*~tactically~*~*~ (stealth).
  2238 | D:3      | 2238 ||| Stepping ~*~*~tactically~*~*~ (stealth).
  2240 | D:3      | Reached skill level 1 in Shields
  2240 | D:3      | Reached XP level 4. HP: 23/26 MP: 8/8
  2240 | D:3      | 2240 ||| FLEEEEING.
  2264 | D:3      | 2264 ||| Stepping ~*~*~tactically~*~*~ (stealth).
  2654 | D:3      | HP: 5/26 [iguana (8)]
  2655 | D:3      | 2655 ||| READING scroll of teleportation.
  2655 | D:3      | Slain by an iguana

Levels and vault maps discovered:
D:1:      amcnicky_arrival_wind_blow, layout_loops_cross, serial_shops,
          nicolae_diamond_shop
D:2:      layout_loops_ring, nicolae_figureground_sparkle
D:3:      layout_rooms, mainiacjoe_overflow_small_starburst,
          minmay_misc_feat_ornament

Skill      XL: |  1  2  3 |
---------------+----------+-----
Axes           | 3 4 |  4.6
Shields        | 1 |  1.0
Fighting       | |  2.0
Throwing       | |  1.0
Armour         | |  1.1
Dodging        | |  2.1
Spellcasting   | |  2.0
Translocations | |  2.4

Action                   |  1- 3 |  4- 6 || total
-------------------------+-------+-------++-------
Melee: Hand axe          |   116 |    18 ||   134
       Kick              |    17 |     4 ||    21
       Peck              |    10 |     7 ||    17
       Punch             |     1 |       ||     1
Throw: Boomerang         |     7 |     3 ||    10
  Use: Scroll            |     4 |     1 ||     5
       Potion            |     1 |       ||     1
Armor: Leather armour    |    36 |     1 ||    37
Dodge: Dodged            |    57 |    11 ||    68
Block: Buckler           |     7 |     1 ||     8

Table legend:
 A = Non-vault XP
 B = Vault XP
 C = Vault XP percentage of total XP
 D = Non-vault monster count
 E = Vault monster count
 F = Vault count percentage of total count
                 A         B        C        D         E       F
            +---------+---------+-------+---------+---------+-------
      Total |     107 |       0 |   0.0 |      53 |       0 |   0.0
            +---------+---------+-------+---------+---------+-------
        D:1 |      34 |       0 |   0.0 |      21 |       0 |   0.0
        D:2 |      41 |       0 |   0.0 |      22 |       0 |   0.0
        D:3 |      32 |       0 |   0.0 |      10 |       0 |   0.0
            +---------+---------+-------+---------+---------+-------
